 Dungeon Crawl Stone Soup version 0.30-a0-4-ga7cffc901d (webtiles) character file.

Game seed: 14962144745322523620

11 drpainis the Caller (level 2, -2/15 HPs)
             Began as a Deep Elf Summoner on Aug 20, 2022.
             Slain by a quokka (4 damage)
             ... on level 1 of the Dungeon.
             The game lasted 00:01:04 (612 turns).

drpainis the Caller (Deep Elf Summoner)              Turns: 612, Time: 00:01:05

Health: -2/15      AC:  2    Str:  5    XL:     2   Next: 17%
Magic:  5/8        EV: 12    Int: 19    God:
Gold:   0          SH:  0    Dex: 15    Spells: 4/7 levels left

rFire   . . .      SeeInvis .    d - +0 sling
rCold   . . .      Faith    .    (no shield)
rNeg    . . .      Spirit   .    a - +0 robe
rPois   .          Reflect  .    (no helmet)
rElec   .          Harm     .    (no cloak)
rCorr   .          Rampage  .    (no gloves)
Will    .....                    (no boots)
Stlth   ++........               (no amulet)
HPRegen 0.05/turn                (no ring)
MPRegen 0.11/turn                (no ring)

@: no status effects
A: no striking features
a: no special abilities


You were on level 1 of the Dungeon.
You visited 1 branch of the dungeon, and saw 1 of its levels.

Inventory:

Hand Weapons
 d - a +0 sling (weapon)
Armour
 a - a +0 robe (worn)
Scrolls
 c - a scroll of acquirement {unknown}
Potions
 b - a potion of magic
 e - a potion of ambrosia {unknown}


   Skills:
 + Level 0.2 Ranged Weapons
 + Level 2.4 Dodging
 + Level 2.4 Stealth
 + Level 3.2 Spellcasting
 + Level 4.8 Summonings


You had 4 spell levels left.
You knew the following spells:

 Your Spells              Type           Power      Damage    Failure   Level
a - Summon Small Mammal   Summ           84%        N/A       1%          1
b - Call Imp              Summ           21%        N/A       3%          2

Your spell library contained the following spells:

 Spells                   Type           Power      Damage    Failure   Level
 Call Canine Familiar     Summ           21%        N/A       6%          3
 Summon Guardian Golem    Hex/Summ       12%        N/A       17%         3
 Summon Lightning Spire   Summ/Air       12%        N/A       50%         4


Dungeon Overview and Level Annotations

Branches:
Dungeon (1/15)

Altars:


Message History

There are monsters nearby!
Found a golden potion.
The goblin shouts!
Casting: Summon Small Mammal (safe; 1% risk of failure)
Confirm with . or Enter, or press ? or * to list all spells.
Unknown command.
Casting: Summon Small Mammal (safe; 1% risk of failure)
Confirm with . or Enter, or press ? or * to list all spells.
Unknown command.
The goblin attacks as you move away! The goblin hits you with a +0 dagger.
The goblin completely misses your quokka.
Casting: Summon Small Mammal (safe; 1% risk of failure)
Confirm with . or Enter, or press ? or * to list all spells.
A beastly little devil appears in a puff of frigid air.
Your white imp says, "Let's raise disruption!"
Your quokka completely misses the goblin.
The goblin hits your quokka with a +0 dagger.
Unknown command.
Your white imp gestures at the goblin.
The puff of frost hits the goblin!
The goblin dies!
Your quokka barely misses the quokka.
The quokka bites you.
Your quokka completely misses the quokka.
The quokka twitches its whiskers.
The quokka bites you.
Your rat barely misses the quokka.
Your white imp closely misses the quokka.
Your quokka bites the quokka but does no damage.
Your quokka barely misses the quokka.
The quokka barely misses you.
Your rat completely misses the quokka.
Your white imp barely misses the quokka.
Your quokka closely misses the quokka.
You swap places.
The quokka closely misses you.
Your quokka bites the quokka but does no damage.
Your rat bites the quokka but does no damage.
Your white imp barely misses the quokka.
The quokka attacks as you move away! The quokka bites you.
* * * LOW HITPOINT WARNING * * *
Your quokka bites the quokka but does no damage.
Your rat barely misses the quokka.
The quokka bites you.
You die...

#. ## #. .. #. ###
..### #. #.. ..... #.
##.##....# ##.
#..).....# #..
##.#.#.!.# #.####.#
##@#.# .# #.......
#5rr.# #######.##
#r.###............#
#..# #..# #.#...# #..#
#..# #...#.# #..#
#..####...#.. ##..#
#.........###
.#####...# #.#####...#
........#####)#.......#


You could see a quokka (ally target), a friendly white imp (summoned), a
friendly quokka (summoned) and a friendly rat (summoned).

Vanquished Creatures
  A hobgoblin (D:1)
  A kobold (D:1)
2 creatures vanquished.

Vanquished Creatures (collateral kills)
  A dart slug (D:1)
  2 giant cockroaches (D:1)
  2 goblins (D:1)
  2 rats (D:1)
7 creatures vanquished.

Grand Total: 9 creatures vanquished

Notes
Turn   | Place    | Note
-------+----------+-------------------------------------------
     0 | D:1      | drpainis the Deep Elf Summoner began the quest for the Orb.
     0 | D:1      | Reached XP level 1. HP: 10/10 MP: 6/6
   442 | D:1      | Found a faded altar of an unknown god.
   489 | D:1      | Reached XP level 2. HP: 13/15 MP: 4/8
   583 | D:1      | Learned a level 2 spell: Call Imp
   612 | D:1      | Slain by a quokka

Illustrated notes

Levels and vault maps discovered:
D:1:      nagdon_arrival_zigzag_paths, layout_basic,
          hellmonk_ecumenical_altar_lost_god, serial_shops, shop, shop

Action                   || total
-------------------------++-------
 Fire: Sling             ||     7
 Cast: Summon Small Mamm ||    15
       Call Imp          ||     1
Armor: Robe              ||     2
Dodge: Dodged            ||    13

Table legend: (Time is in decaauts)
 A = Elapsed time spent in this place.
 B = Non-inter-level travel time spent in this place.
 C = Inter-level travel time spent in this place.
 D = Time resting spent in this place.
 E = Time spent auto-exploring this place.
 F = Levels seen in this place.
 G = Mean time per level.
                   A        B        C        D        E       F      G
               +--------+--------+--------+--------+--------+-----+--------+
         Total |    614 |    614 |      0 |    396 |    105 |   1 |  614.0 |
       Dungeon |    614 |    614 |      0 |    396 |    105 |   1 |  614.0 |
               +--------+--------+--------+--------+--------+-----+--------+

Top non-repeatable levels by time:
     D:1: 614 daAuts
